Map: 2000 Atmospheres LE

Players

Astrea

  • Race: Protoss Protoss

Zest - Winner!

  • Race: Protoss Protoss

Event: IEM Katowice 2022

VOD

Have the link to the VOD?

Description

Time

  • Played on: Feb. 25, 2022, 7:49 a.m.
  • Length: 10:00

All games in this series

Show
View Real Time Build Order
Export as new Build Order

Astrea Protoss 

Build Orders: Phoenix Opening 

Get SALT Encoding   

  12  0:00  Probe  
  13  0:12  Probe  
  14  0:17  Pylon  
  14  0:24  Probe (Chrono Boost)  
  15  0:36  Probe (Chrono Boost)  
  15  0:37  Gateway  
  16  0:44  Probe (Chrono Boost)  
  16  0:46  Assimilator  
  17  0:51  Probe  
  17  0:55  Assimilator  
  18  1:03  Probe (Chrono Boost)  
  19  1:05  Pylon  
  20  1:12  Probe (Chrono Boost)  
  20  1:17  Probe (Chrono Boost)  
  20  1:24  Cybernetics Core  
  21  1:29  Probe  
  24  1:41  Probe  
  25  1:53  Probe  
  26  1:56  Nexus  
  26  2:01  Warp Gate  
  24  2:05  Probe  
  24  2:07  Sentry (Chrono Boost)  
  27  2:17  Probe  
  28  2:25  Stalker (Chrono Boost)  
  28  2:28  Shield Battery  
  30  2:30  Probe  
  31  2:38  Robotics Facility  
  31  2:45  Pylon  
  31  3:00  Shield Battery  
  31  3:03  Stalker, Probe  
  33  3:08  Probe  
  29  3:15  Probe  
  28  3:20  Probe (Chrono Boost)  
  29  3:28  Gateway, Probe (Chrono Boost)  
  29  3:30  Shield Battery  
  29  3:32  Probe (Chrono Boost)  
  31  3:37  Probe (Chrono Boost), Phoenix  
  31  3:38  Probe (Chrono Boost)  
  33  3:42  Probe (Chrono Boost)  
  33  3:46  Probe  
  33  3:49  Stalker  
  33  3:54  Probe  
  29  3:58  Probe  
  30  4:06  Probe (Chrono Boost)  
  29  4:14  Stalker, Probe (Chrono Boost)  
  33  4:18  Probe (Chrono Boost)  
  33  4:23  Probe (Chrono Boost)  
  35  4:26  Probe (Chrono Boost)  
  35  4:29  Probe (Chrono Boost)  
  32  4:33  Twilight Council, Probe (Chrono Boost)  
  32  4:37  Probe  
  34  4:44  Probe  
  35  4:49  Probe  
  35  4:51  Stalker  
  38  4:54  Stalker  
  38  4:57  Probe  
  41  5:01  Probe  
  42  5:07  Shield Battery  
  42  5:09  Probe  
  42  5:13  Probe  
  44  5:14  Blink (Chrono Boost)  
  42  5:21  Probe  
  42  5:25  Probe  
  44  5:29  Stalker  
  44  5:33  Probe  
  47  5:38  Stalker, Probe  
  50  5:45  Probe  
  51  5:50  Probe  
  51  5:51  Gateway  
  50  6:02  Cybernetics Core  
  50  6:03  Stalker  
  52  6:08  Probe  
  52  6:14  Probe  
  52  6:15  Pylon  
  51  6:20  Probe  
  50  6:26  Probe  
  50  6:30  Pylon  
  50  6:32  Probe  
  52  6:38  Stalker x2, Probe  
  57  6:44  Probe  
  57  6:46  Robotics Facility  
  56  6:50  Stalker, Probe  
  59  6:56  Probe  
  59  6:57  Gateway  
  60  7:02  Probe  
  60  7:03  Stalker  
  60  7:06  Pylon  
  60  7:08  Assimilator  
  63  7:17  Stalker  
  63  7:26  Probe x2  
  63  7:28  Stalker, Pylon  
  65  7:32  Immortal (Chrono Boost)  
  67  7:42  Stalker, Pylon  
  69  7:45  Pylon  
  69  7:48  Probe x2  
  71  7:53  Stalker x2  
  75  8:04  Observer (Chrono Boost)  
  76  8:09  Nexus  
  76  8:16  Pylon  
  76  8:21  Stalker  
  76  8:22  Dark Shrine  
  76  8:23  Stalker  
  80  8:29  Stalker  
  80  8:30  Probe x2  
  84  8:42  Probe  
  84  8:43  Probe  
  86  8:48  Stalker  
  86  8:49  Stalker, Shield Battery  
  86  8:53  Pylon  
  86  8:54  Observer  
  90  9:02  Stalker  
  88  9:12  Stalker x2  
  88  9:15  Probe  
  88  9:16  Shield Battery  
  91  9:18  Observer (Chrono Boost)  
  92  9:30  Stalker  
  92  9:31  Probe x3  
  94  9:34  Forge  
  94  9:35  Gateway  
  94  9:37  Gateway  
  95  9:39  Dark Templar  
  95  9:40  Stalker  
  72  9:52  Dark Templar  
Show
View Real Time Build Order
Export as new Build Order

Zest Protoss - Winner!

Build Orders: Oracle Opening 

Get SALT Encoding   

  12  0:00  Probe  
  13  0:12  Probe  
  14  0:17  Pylon  
  14  0:24  Probe (Chrono Boost)  
  15  0:36  Gateway, Probe (Chrono Boost)  
  16  0:44  Probe (Chrono Boost)  
  16  0:45  Assimilator  
  17  0:51  Probe  
  18  1:03  Probe (Chrono Boost)  
  19  1:04  Assimilator  
  19  1:08  Gateway  
  19  1:12  Probe (Chrono Boost)  
  19  1:17  Probe (Chrono Boost)  
  20  1:25  Cybernetics Core  
  21  1:29  Probe  
  22  1:36  Pylon  
  22  1:41  Probe  
  23  1:54  Probe  
  24  2:01  Warp Gate, Adept x2  
  28  2:10  Stargate  
  28  2:18  Pylon  
  28  2:33  Stalker  
  28  2:36  Stalker  
  32  2:56  Oracle (Chrono Boost)  
  33  3:20  Nexus  
  33  3:24  Oracle (Chrono Boost)  
  34  3:27  Probe  
  35  3:39  Probe  
  36  3:42  Pylon  
  36  3:43  Twilight Council  
  36  3:51  Probe  
  37  4:03  Gateway, Probe  
  38  4:12  Blink (Chrono Boost)  
  38  4:15  Probe  
  39  4:27  Pylon, Probe  
  40  4:31  Probe  
  40  4:34  Stalker  
  40  4:37  Stalker  
  45  4:40  Probe  
  45  4:43  Probe  
  47  4:57  Stalker x2  
  47  4:58  Probe  
  47  4:59  Probe  
  53  5:04  Stalker  
  55  5:11  Probe x2  
  54  5:23  Probe  
  54  5:26  Probe  
  54  5:27  Stalker  
  54  5:28  Stalker x2  
  62  5:35  Pylon, Probe  
  63  5:38  Probe  
  64  5:47  Probe  
  65  5:50  Probe  
  66  5:58  Stalker x3  
  72  6:08  Probe x2  
  72  6:11  Pylon x2  
  72  6:12  Assimilator  
  70  6:24  Stalker x3  
  76  6:31  Gateway  
  76  6:32  Forge  
  76  6:34  Pylon  
  76  6:42  Nexus  
  76  6:55  Probe x2  
  76  6:56  Stalker  
  76  6:57  Stalker x2  
  84  7:07  Robotics Facility  
  84  7:10  Protoss Ground Weapons Level 1 (Chrono Boost)  
  82  7:29  Gateway x2  
  83  7:30  Probe x2, Charge  
  84  7:38  Shield Battery  
  84  7:45  Photon Cannon  
  84  7:51  Stalker x4  
  92  8:00  Observer (Chrono Boost)  
  92  8:04  Gateway  
  92  8:05  Gateway  
  93  8:11  Immortal (Chrono Boost)  
  93  8:12  Pylon  
  97  8:20  Pylon  
  97  8:25  Sentry, Zealot x4  
  97  8:27  Zealot  
  109  8:30  Pylon  
  109  8:37  Warp Prism (Chrono Boost)  
  111  8:43  Photon Cannon  
  111  8:45  Pylon  
  111  8:52  Zealot x3  
  113  9:12  Zealot x8  
  125  9:32  Zealot x4  
  119  9:55  Zealot x8  

Tags
 
Add a new tag
Caveats
  • Supply blocks, unpowered buildings, or Contaminate may cause inaccurate times.
  • Supply counts are checked every 10 seconds.